 Dungeon Crawl Stone Soup version 0.25-a0-420-g1cc7eeb0d1 (webtiles) character file.

Game seed: 9217471355025267416, levelgen mode: deterministic

221 Eurus the Chiller (level 5, 0/38 HPs)
             Began as a Mummy Ice Elementalist on Jan 19, 2020.
             Slain by a ball python (1 damage)
             ... in a sewer.
             The game lasted 00:11:37 (3242 turns).

Eurus the Chiller (Mummy Ice Elementalist)          Turns: 3242, Time: 00:11:38

Health: 0/38       AC:  3    Str: 11    XL:     5   Next: 65%
Magic:  10/10      EV:  9    Int: 15    God:
Gold:   140        SH:  0    Dex: 13    Spells: 10/11 levels left

rFire    x . .     SeeInvis .   f - +3 dagger (venom)
rCold    + . .     Gourm    .   (no shield)
rNeg     + + +     Faith    .   d - +0 leather armour
rPois    ∞         Spirit   .   (no helmet)
rElec    .         Reflect  .   (no cloak)
rCorr    .         Harm     .   (no gloves)
MR       .....                  (no boots)
Stlth    ++........             (no amulet)
HPRegen  0.12/turn              (no ring)
MPRegen  0.12/turn              (no ring)

@: constricted
A: no food or potions, fire vulnerability, cold resistance 1, negative energy
resistance 3, torment resistance, unbreathing
a: no special abilities


You were in a sewer.
You were not hungry.

You visited 1 branch of the dungeon, and saw 3 of its levels.
You also visited: Sewer.

You collected 140 gold pieces.

Inventory:

Hand Weapons
 f - a +3 dagger of venom (weapon)
 g - a +0 mace
 l - a +1 dagger of speed
Armour
 a - a +0 robe
 d - a +0 leather armour (worn)
 o - a +1 helmet
 r - a +0 helmet
Jewellery
 k - an uncursed ring of flight
 m - a cursed ring of attention {unknown}
 n - a +2 ring of dexterity {unknown}
Scrolls
 e - a scroll of fear
 h - a scroll of teleportation {unknown}
 i - 2 scrolls of remove curse {unknown}
 j - 3 scrolls of identify {unknown}
 p - a scroll of enchant armour {unknown}
 q - a scroll of random uselessness {unknown}


   Skills:
 + Level 1.7 Fighting
 + Level 1.1 Armour
 + Level 2.1 Dodging
 + Level 2.5 Stealth
 + Level 3.8 Spellcasting
 * Level 4.3 Ice Magic


You had 10 spell levels left.
You knew the following spells:

 Your Spells              Type           Power        Failure   Level  Hunger
a - Freeze                Ice            ###.         4%          1    N/A

Your spell library contained the following spells:

 Spells                   Type           Power        Failure   Level  Hunger
 Ozocubu's Armour         Chrm/Ice       #.......     30%         3    N/A
 Hailstorm                Conj/Ice       #.......     69%         4    N/A
 Summon Ice Beast         Ice/Summ       #.......     69%         4    N/A

Dungeon Overview and Level Annotations

Branches:
Dungeon (3/15)              Sewer (1/1)

Altars:


Innate Abilities, Weirdness & Mutations

You do not eat or drink.
Your flesh is vulnerable to fire.
You are immune to poison.
Your flesh is cold resistant. (rC+)
You are immune to negative energy. (rN+++)
You are immune to unholy pain and torment.
You can survive without breathing.


Message History

Your +2 dagger of venom glows red for a moment.
The bullfrog closely misses you.
The leopard gecko bites you but does no damage.
The bullfrog hits you.
* * * LOW HITPOINT WARNING * * *
As you read the scroll labeled HEGHYI BYCOT, it crumbles to dust.
You assume a fearsome visage.
The leopard gecko looks frightened!
The giant cockroach looks frightened!
The bullfrog looks frightened!
The ball python looks frightened!
The bullfrog looks frightened!
It was a scroll of fear.
You hit the leopard gecko.
The leopard gecko is poisoned.
Your attack snaps the leopard gecko out of its fear.
The leopard gecko is severely wounded.
The ball python closely misses you. x2
You strike the helpless leopard gecko from behind!
You hit the leopard gecko.
You kill the leopard gecko!
The ball python bites you but does no damage.
The ball python grabs you.
You die...

#≈≈≈###...###≈≈≈≈#
##†≈##≈≈≈≈≈≈.##≈≈≈#
##≈†##≈.≈†≈≈..≈##≈≈##
#≈.≈≈.≈...≈≈≈.≈≈#≈≈≈#
#≈≈≈≈≈#######.≈≈##≈≈#
#######≈###≈≈≈≈≈##≈≈≈#≈.#
#≈.≈≈.###§s≈≈≈≈≈≈##≈.#≈.≈
#..≈..#§§S§.≈..≈≈ #≈.##.≈
#.≈≈≈.#§@##..≈..≈ ##≈≈#≈≈
#≈≈#†≈#§§# SS.$. #≈≈#≈.
#≈.#≈≈#§§# ≈(?. #≈≈#≈≈
#≈≈#≈##≈≈# .?≈ #.≈#≈≈
#≈≈#≈#≈.≈# .≈ #≈≈#.≈
#≈≈#≈#∩≈≈# ≈ #≈≈#.≈
#≈≈#≈#≈≈≈## ##≈≈#≈≈
#≈≈#≈###≈≈# #≈≈##.≈
#..#.≈≈#.≈## ##≈≈#≈≈≈


You could see a giant cockroach (fleeing) and a ball python.

Vanquished Creatures
  An orc priest (D:3)
  5 adders
  8 oozes
  4 worms
  A dart slug (D:3)
  11 leopard geckos
  2 orcs (D:3)
  10 giant cockroaches
  8 goblins
  7 hobgoblins
  3 ball pythons
  9 bats
  8 frilled lizards
  8 kobolds (D:1)
  8 rats
93 creatures vanquished.

Notes
Turn   | Place    | Note
-------+----------+-------------------------------------------
     0 | D:1      | Eurus the Mummy Ice Elementalist began the quest for the
                  | Orb.
     0 | D:1      | Reached XP level 1. HP: 13/13 MP: 4/4
   179 | D:1      | Reached XP level 2. HP: 19/19 MP: 2/5
  1030 | D:2      | Reached XP level 3. HP: 24/25 MP: 4/7
  1565 | D:2      | Reached XP level 4. HP: 17/31 MP: 6/9
  1867 | D:2      | Reached skill level 1 in Fighting
  2207 | D:3      | Found a glowing drain.
  2477 | D:3      | Reached skill level 4 in Ice Magic
  2741 | D:3      | Reached XP level 5. HP: 33/37 MP: 3/10
  2757 | Sewer    | Entered a sewer
  2915 | Sewer    | Reached skill level 1 in Armour
  3239 | Sewer    | HP: 1/38 [bullfrog (5)]
  3242 | Sewer    | Slain by a ball python

Levels and vault maps discovered:
D:1:      tarquinn_simple_flora_water_f, layout_loops_ring
D:2:      layout_basic, minmay_split_cup_small
D:3:      layout_rooms, cheibrodos_sewer_entry_drain
Sewer:    sewer_frog_island_02

Skill      XL: |  1  2  3  4  5 |
---------------+----------------+-----
Spellcasting   | 3 |  3.8
Stealth        | 2 |  2.5
Fighting       | 1 |  1.7
Dodging        | 2 |  2.1
Ice Magic      | 4 |  4.3
Armour         | 1 |  1.1

Action                   |  1- 3 |  4- 6 || total
-------------------------+-------+-------++-------
Melee: Dagger            |    65 |   118 ||   183
       Unarmed           |     1 |       ||     1
 Cast: Freeze            |    40 |    51 ||    91
  Use: Scroll            |       |     3 ||     3
 Stab: Sleeping          |     4 |     1 ||     5
       Fleeing           |       |     1 ||     1
Armor: Robe              |     4 |       ||     4
       Leather armour    |    20 |    25 ||    45
Dodge: Dodged            |    64 |    99 ||   163

Table legend:
 A = Non-vault XP
 B = Vault XP
 C = Vault XP percentage of total XP
 D = Non-vault monster count
 E = Vault monster count
 F = Vault count percentage of total count
                 A         B        C        D         E       F
            +---------+---------+-------+---------+---------+-------
      Total |     179 |     137 |  43.4 |      54 |      39 |  41.9
            +---------+---------+-------+---------+---------+-------
        D:1 |      35 |       0 |   0.0 |      23 |       0 |   0.0
        D:2 |      58 |      16 |  21.6 |      20 |       3 |  13.0
        D:3 |      86 |       9 |   9.5 |      11 |       2 |  15.4
      Sewer |       0 |     112 | 100.0 |       0 |      34 | 100.0
            +---------+---------+-------+---------+---------+-------
